ITL
INDIANA HOUNDS @ WABA DUCKS
06/19/2027
 
TOP OF THE 1ST
Indiana Hounds batting - Pitching for Waba Ducks : RHP Fernando Guzmán
Pitching: RHP Fernando Guzmán
Batting: RHB Chan-seok O 0-0: Fly out, F7 (Flyball, 78M)
Batting: LHB Junior Coates 0-0: Called Strike
0-1: Ball
1-1: Ball
2-1: Ball
3-1: SINGLE (Line Drive, 6M)
Batting: RHB Vicente Valentín 0-0: Ball
1-0: Fly out, F9 (Flyball, 9LSF)
Batting: RHB Carlos Moya 0-0: Ball
1-0: Ball
2-0: Ball
3-0: Base on Balls
Junior Coates to second
Batting: RHB Jeff Jones 0-0: Ball
1-0: Ball
2-0: Ball
3-0: Foul Ball, location: 2F
3-1: Foul Ball, location: 2F
3-2: Base on Balls
Junior Coates to third
Carlos Moya to second
Batting: RHB Danny Walker 0-0: SINGLE (Groundball, 6MD)
Junior Coates scores
Carlos Moya to third
Jeff Jones to second
Runner from 3rd tries for Home, SAFE, no throw
Batting: RHB Paco Castillo 0-0: Ball
1-0: Ball
2-0: SINGLE (Flyball, 6MD)
Jeff Jones to third
Danny Walker to second
Runner from 3rd tries for Home, throw and OUT!
Top of the 1st over - 2 run(s), 3 hit(s), 0 error(s), 2 left on base; Indiana 2 - Waba 0
BOTTOM OF THE 1ST
Waba Ducks batting - Pitching for Indiana Hounds : LHP Tatsui Tanaka
Pitching: LHP Tatsui Tanaka
Now at 1B: Dave Helásquez
Batting: LHB Javier Orozco 0-0: SINGLE (Flyball, 89S)
Batting: RHB Enrico Ramos 0-0: Called Strike
Javier Orozco is caught stealing 2nd base
0-1: Ball
1-1: Called Strike
1-2: Ball
2-2: Ground out 6-3 (Groundball, 6)
Batting: RHB Chris Osborn 0-0: Called Strike
0-1: Called Strike
0-2: Strikes out swinging
Bottom of the 1st over - 0 run(s), 1 hit(s), 0 error(s), 0 left on base; Indiana 2 - Waba 0
TOP OF THE 2ND
Indiana Hounds batting - Pitching for Waba Ducks : RHP Fernando Guzmán
Batting: RHB Doug Murray 0-0: DOUBLE (Line Drive, 7LM)
Batting: RHB Octávio Marín 0-0: Called Strike
0-1: Ball
1-1: Ground out U3 (Groundball, 3L)
Doug Murray to third
Batting: RHB Chan-seok O 0-0: Ground out U3 (Groundball, 34)
Doug Murray scores
Batting: LHB Junior Coates 0-0: Called Strike
0-1: Ground out 5-3 (Groundball, 56)
Top of the 2nd over - 1 run(s), 1 hit(s), 0 error(s), 0 left on base; Indiana 3 - Waba 0
BOTTOM OF THE 2ND
Waba Ducks batting - Pitching for Indiana Hounds : LHP Tatsui Tanaka
Batting: RHB Pedro Molina 0-0: Called Strike
0-1: Reached on error, E6 (Groundball, 6)
Batting: LHB Howard Evans 0-0: DOUBLE (Flyball, 78XD)
Pedro Molina to third
Batting: RHB Jeremy Flemming 0-0: Called Strike
0-1: Foul Ball, location: 2F
0-2: Fly out, F8 (Flyball, 89S)
Runner from 3rd tags up, SCORES, no throw
Batting: SHB Reynaldo Gallegos 0-0: Foul Ball, location: 2F
0-1: Ball
Passed Ball!
Howard Evans to third
1-1: Fly out, F8 (Line Drive, 8LS)
Runner from 3rd tags up, SCORES, no throw
Batting: RHB Ángelo García 0-0: Ball
1-0: Ball
2-0: Called Strike
2-1: SINGLE (Groundball, 34D)
Batting: RHB António Valdéz 0-0: Ball
1-0: Foul Ball, location: 2F
1-1: Ball
2-1: Ball
3-1: Base on Balls
Ángelo García to second
Batting: LHB Javier Orozco 0-0: Called Strike
0-1: Ball
1-1: Called Strike
1-2: Foul Ball, location: 2F
1-2: Fly out, F4 (Popup, 4S)
Bottom of the 2nd over - 2 run(s), 2 hit(s), 1 error(s), 2 left on base; Indiana 3 - Waba 2
TOP OF THE 3RD
Indiana Hounds batting - Pitching for Waba Ducks : RHP Fernando Guzmán
Batting: RHB Vicente Valentín 0-0: Called Strike
0-1: Foul Ball, location: 2F
0-2: Strikes out swinging
Batting: RHB Carlos Moya 0-0: Called Strike
0-1: Ground out 4-3 (Groundball, 4)
Batting: LHB Dave Helásquez 0-0: Ball
1-0: Ground out 4-3 (Groundball, 4)
Top of the 3rd over - 0 run(s), 0 hit(s), 0 error(s), 0 left on base; Indiana 3 - Waba 2
BOTTOM OF THE 3RD
Waba Ducks batting - Pitching for Indiana Hounds : LHP Tatsui Tanaka
Batting: RHB Enrico Ramos 0-0: SINGLE (Groundball, 4D)
Batting: RHB Chris Osborn 0-0: Called Strike
0-1: Ball
1-1: Fly out, F3 (Line Drive, 34)
Batting: RHB Pedro Molina 0-0: Ball
1-0: Ball
2-0: Ball
3-0: Called Strike
3-1: Base on Balls
Enrico Ramos to second
Batting: LHB Howard Evans 0-0: Ball
1-0: Foul Ball, location: 2F
1-1: Ball
2-1: Swinging Strike
2-2: Foul Ball, location: 2F
2-2: Fly out, F9 (Line Drive, 9)
Runner from 2nd tags up, SAFE at 3rd with throw
Batting: RHB Jeremy Flemming 0-0: Foul Ball, location: 2F
0-1: Fly out, F8 (Flyball, 8LS)
Bottom of the 3rd over - 0 run(s), 1 hit(s), 0 error(s), 2 left on base; Indiana 3 - Waba 2
TOP OF THE 4TH
Indiana Hounds batting - Pitching for Waba Ducks : RHP Fernando Guzmán
Batting: RHB Danny Walker 0-0: Ground out 5-3 (Groundball, 5L)
Batting: RHB Paco Castillo 0-0: Foul Ball, location: 2F
0-1: Ball
1-1: Swinging Strike
1-2: Ball
2-2: Fly out, F5 (Line Drive, 5)
Batting: RHB Doug Murray 0-0: Ball
1-0: Called Strike
1-1: Ball
2-1: Foul Ball, location: 2F
2-2: Fly out, F8 (Line Drive, 8RS)
Top of the 4th over - 0 run(s), 0 hit(s), 0 error(s), 0 left on base; Indiana 3 - Waba 2
BOTTOM OF THE 4TH
Waba Ducks batting - Pitching for Indiana Hounds : LHP Tatsui Tanaka
Batting: SHB Reynaldo Gallegos 0-0: Swinging Strike
0-1: Ball
1-1: Ball
2-1: Reached on error, E6 (Groundball, 6)
Batting: RHB Ángelo García 0-0: Ball
Reynaldo Gallegos steals 2nd base
1-0: Called Strike
Reynaldo Gallegos is caught stealing 3rd base
1-1: Ball
2-1: SINGLE (Line Drive, 89M)
Batting: RHB António Valdéz 0-0: Ball
1-0: Ball
2-0: Called Strike
2-1: Ball
3-1: Base on Balls
Ángelo García to second
Batting: LHB Javier Orozco 0-0: Fly out, F7 (Flyball, 78M)
Batting: RHB Enrico Ramos 0-0: Ball
1-0: SINGLE (Groundball, 4MD)
Ángelo García to third
António Valdéz to second
Runner from 3rd tries for Home, SAFE, no throw
Batting: RHB Chris Osborn 0-0: Swinging Strike
0-1: Swinging Strike
0-2: Ball
1-2: Strikes out looking
Bottom of the 4th over - 1 run(s), 2 hit(s), 1 error(s), 2 left on base; Indiana 3 - Waba 3
TOP OF THE 5TH
Indiana Hounds batting - Pitching for Waba Ducks : RHP Fernando Guzmán
Batting: RHB Octávio Marín 0-0: SINGLE (Line Drive, 8LS)
Batting: RHB Chan-seok O 0-0: Ball
1-0: Ball
2-0: Called Strike
2-1: Grounds into double play, 6-4-3 (Groundball, 6M)
Batting: LHB Junior Coates 0-0: Called Strike
0-1: Ball
1-1: Ball
2-1: Called Strike
2-2: Foul Ball, location: 2F
2-2: Foul Ball, location: 2F
2-2: Ball
3-2: Strikes out looking
Top of the 5th over - 0 run(s), 1 hit(s), 0 error(s), 0 left on base; Indiana 3 - Waba 3
BOTTOM OF THE 5TH
Waba Ducks batting - Pitching for Indiana Hounds : LHP Tatsui Tanaka
Batting: RHB Pedro Molina 0-0: Called Strike
0-1: Ball
1-1: Swinging Strike
1-2: Ball
2-2: Foul Ball, location: 2F
2-2: Strikes out swinging
Batting: LHB Howard Evans 0-0: Called Strike
0-1: Foul Ball, location: 2F
0-2: Foul Ball, location: 2F
0-2: Foul Ball, location: 2F
0-2: Fly out, F8 (Flyball, 8LXD)
Batting: RHB Jeremy Flemming 0-0: Foul Ball, location: 2F
0-1: Ball
1-1: Ball
2-1: Ball
3-1: Called Strike
3-2: Strikes out swinging
Bottom of the 5th over - 0 run(s), 0 hit(s), 0 error(s), 0 left on base; Indiana 3 - Waba 3
TOP OF THE 6TH
Indiana Hounds batting - Pitching for Waba Ducks : RHP Fernando Guzmán
Batting: RHB Vicente Valentín 0-0: Called Strike
0-1: Ball
1-1: Ball
2-1: Foul Ball, location: 2F
2-2: Ball
3-2: Base on Balls
Batting: RHB Carlos Moya 0-0: Ball
1-0: Ball
2-0: Ball
3-0: Base on Balls
Vicente Valentín to second
Batting: LHB Dave Helásquez 0-0: Called Strike
0-1: Ball
1-1: Ball
2-1: Foul Ball, location: 2F
2-2: Foul Ball, location: 2F
2-2: Ball
3-2: SINGLE (Groundball, 34S) (infield hit)
Vicente Valentín to third
Carlos Moya to second
Batting: RHB Danny Walker 0-0: Ball
1-0: Ball
2-0: Foul Ball, location: 2F
2-1: Foul Ball, location: 2F
2-2: Strikes out swinging
Batting: RHB Paco Castillo 0-0: Ball
1-0: Swinging Strike
1-1: Ball
2-1: Fly out, F4 (Line Drive, 4)
Batting: RHB Doug Murray 0-0: Called Strike
0-1: SINGLE (Line Drive, 56)
Vicente Valentín scores
Carlos Moya to third
Dave Helásquez to second
Runner from 3rd tries for Home, SAFE, no throw
Pitching: RHP José Rivera
Batting: RHB Octávio Marín 0-0: Fielders Choice at 2nd, 4-6 (Groundball, 4)
Top of the 6th over - 2 run(s), 2 hit(s), 0 error(s), 1 left on base; Indiana 5 - Waba 3
BOTTOM OF THE 6TH
Waba Ducks batting - Pitching for Indiana Hounds : LHP Tatsui Tanaka
Pitching: RHP Teddy Mathews
Batting: SHB Reynaldo Gallegos 0-0: Bunt missed!
0-1: Swinging Strike
0-2: Ball
1-2: Ball
2-2: Foul Ball, location: 2F
2-2: DOUBLE (Groundball, 3L)
Batting: RHB Ángelo García 0-0: Ball
1-0: Called Strike
1-1: Swinging Strike
1-2: Ball
2-2: SINGLE (Line Drive, 4MD)
Reynaldo Gallegos to third
Runner from 3rd tries for Home, SAFE, no throw
Batting: RHB António Valdéz 0-0: Called Strike
0-1: Foul Ball, location: 2F
0-2: Ball
1-2: Strikes out swinging
Batting: LHB Javier Orozco 0-0: Called Strike
0-1: Ball
1-1: Fielders Choice at 2nd, 4-6 (Groundball, 34)
Batting: RHB Enrico Ramos 0-0: Ball
Javier Orozco is caught stealing 2nd base
Bottom of the 6th over - 1 run(s), 2 hit(s), 0 error(s), 0 left on base; Indiana 5 - Waba 4
TOP OF THE 7TH
Indiana Hounds batting - Pitching for Waba Ducks : RHP José Rivera
Batting: RHB Chan-seok O 0-0: Ball
1-0: Ground out 5-3 (Groundball, 5)
Pitching: LHP Felipe Rivera
Batting: LHB Junior Coates 0-0: Ball
1-0: Called Strike
1-1: Ball
2-1: Swinging Strike
2-2: Strikes out swinging
Pitching: LHP Tim Jenkins
Batting: RHB Vicente Valentín 0-0: Called Strike
0-1: Foul Ball, location: 2F
0-2: Ball
1-2: Strikes out swinging
Top of the 7th over - 0 run(s), 0 hit(s), 0 error(s), 0 left on base; Indiana 5 - Waba 4
BOTTOM OF THE 7TH
Waba Ducks batting - Pitching for Indiana Hounds : RHP Teddy Mathews
Batting: RHB Enrico Ramos 0-0: Ball
1-0: Ball
2-0: Ball
3-0: Called Strike
3-1: Base on Balls
Batting: RHB Chris Osborn 0-0: Foul Ball, location: 2F
0-1: Ball
Enrico Ramos is caught stealing 2nd base
1-1: DOUBLE (Flyball, 78XD)
Batting: RHB Pedro Molina 0-0: Ball
1-0: Foul Ball, location: 2F
1-1: Ball
2-1: Called Strike
2-2: Foul Ball, location: 2F
2-2: SINGLE (Groundball, 6MD)
Chris Osborn to third
Batting: LHB Howard Evans 0-0: Fly out, F9 (Line Drive, 9D)
Runner from 3rd tags up, SCORES, no throw
Pitching: RHP Enrique Gómez
Batting: RHB Jeremy Flemming 0-0: Ball
1-0: Swinging Strike
1-1: Ball
2-1: Foul Ball, location: 2F
2-2: Ball
3-2: Strikes out looking
Bottom of the 7th over - 1 run(s), 2 hit(s), 0 error(s), 1 left on base; Indiana 5 - Waba 5
TOP OF THE 8TH
Indiana Hounds batting - Pitching for Waba Ducks : LHP Tim Jenkins
Batting: RHB Carlos Moya 0-0: Ball
1-0: Called Strike
1-1: Swinging Strike
1-2: Strikes out swinging
Batting: LHB Dave Helásquez 0-0: Swinging Strike
0-1: Ball
1-1: Called Strike
1-2: Ball
2-2: Strikes out looking
Batting: RHB Danny Walker 0-0: Ground out 6-3 (Groundball, 6)
Top of the 8th over - 0 run(s), 0 hit(s), 0 error(s), 0 left on base; Indiana 5 - Waba 5
BOTTOM OF THE 8TH
Waba Ducks batting - Pitching for Indiana Hounds : RHP Enrique Gómez
Batting: SHB Reynaldo Gallegos 0-0: Foul Ball, location: 2F
0-1: Called Strike
0-2: Ball
1-2: Ball
2-2: Foul Ball, location: 2F
2-2: Ball
3-2: Base on Balls
Batting: RHB Ángelo García 0-0: Ball
1-0: Sac Bunt - play at first, batter OUT! 1-4
Reynaldo Gallegos to second
Pitching: RHP Porter Warren
Batting: RHB António Valdéz 0-0: Hit by Pitch
Batting: LHB Javier Orozco 0-0: Sac Bunt - play at first, batter OUT! 1-4
Reynaldo Gallegos to third
António Valdéz to second
Batting: RHB Enrico Ramos 0-0: Ball
1-0: Ball
2-0: Ball
3-0: Called Strike
3-1: Ground out U3 (Groundball, 34)
Bottom of the 8th over - 0 run(s), 0 hit(s), 0 error(s), 2 left on base; Indiana 5 - Waba 5
TOP OF THE 9TH
Indiana Hounds batting - Pitching for Waba Ducks : LHP Tim Jenkins
Pitching: RHP Bartolo Romo
Batting: RHB Paco Castillo 0-0: Ball
1-0: Fly out, F9 (Flyball, 9LS)
Batting: RHB Doug Murray 0-0: Foul Ball, location: 2F
0-1: Ball
1-1: Ball
2-1: Swinging Strike
2-2: Ball
3-2: Strikes out swinging
Pinch Hitting: RHB Juan Brito 0-0: Called Strike
0-1: Ball
1-1: SINGLE (Groundball, 34D)
Batting: RHB Chan-seok O 0-0: Foul Ball, location: 2F
0-1: Swinging Strike
0-2: Ball
1-2: Strikes out swinging
Top of the 9th over - 0 run(s), 1 hit(s), 0 error(s), 1 left on base; Indiana 5 - Waba 5
BOTTOM OF THE 9TH
Waba Ducks batting - Pitching for Indiana Hounds : RHP Porter Warren
Pitching: LHP Pedro Torres
Now at SS: Juan Brito
Batting: RHB Chris Osborn 0-0: Fly out, F8 (Flyball, 8RS)
Batting: RHB Pedro Molina 0-0: Ball
1-0: Ball
2-0: Ball
3-0: Base on Balls
Batting: LHB Howard Evans 0-0: Ball
1-0: Called Strike
1-1: Ball
2-1: Fielders Choice at 2nd, 4-6 (Groundball, 4)
Batting: RHB Jeremy Flemming 0-0: Ball
1-0: SINGLE (Groundball, 56D)
Howard Evans to second
Pinch Hitting: RHB Paul Spencer 0-0: Ball
1-0: Ball
2-0: SINGLE (Groundball, 6MD)
Howard Evans to third
Jeremy Flemming to second
Runner from 3rd tries for Home, throw and OUT!
Bottom of the 9th over - 0 run(s), 2 hit(s), 0 error(s), 2 left on base; Indiana 5 - Waba 5
TOP OF THE 10TH
Indiana Hounds batting - Pitching for Waba Ducks : RHP Bartolo Romo
Now at C: Paul Spencer
Batting: LHB Junior Coates 0-0: Ground out 5-3 (Groundball, 5)
Batting: RHB Vicente Valentín 0-0: Foul Ball, location: 2F
0-1: Ball
1-1: Foul Ball, location: 2F
1-2: SINGLE (Groundball, 34D)
Batting: RHB Carlos Moya 0-0: Called Strike
0-1: Called Strike
0-2: Ball
1-2: Ball
2-2: Ball
3-2: Strikes out swinging
Batting: LHB Dave Helásquez 0-0: Called Strike
0-1: Ball
1-1: Swinging Strike
1-2: Strikes out looking
Top of the 10th over - 0 run(s), 1 hit(s), 0 error(s), 1 left on base; Indiana 5 - Waba 5
BOTTOM OF THE 10TH
Waba Ducks batting - Pitching for Indiana Hounds : LHP Pedro Torres
Batting: RHB Ángelo García 0-0: Ball
1-0: Ball
2-0: Fly out, F9 (Flyball, 9S)
Batting: RHB António Valdéz 0-0: Ball
1-0: Ball
2-0: Ball
3-0: Ground out 5-3 (Groundball, 56)
Pinch Hitting: RHB Shaun Puckett 0-0: Called Strike
0-1: Fly out, F8 (Flyball, 8RM)
Bottom of the 10th over - 0 run(s), 0 hit(s), 0 error(s), 0 left on base; Indiana 5 - Waba 5
TOP OF THE 11TH
Indiana Hounds batting - Pitching for Waba Ducks : RHP Bartolo Romo
Pitching: RHP Stan Stewart
Now in LF: José Román
Batting: RHB Danny Walker 0-0: Called Strike
0-1: Fly out, F4 (Line Drive, 4)
Batting: RHB Paco Castillo 0-0: Ball
1-0: Ball
2-0: Ground out 6-3 (Groundball, 6S)
Batting: RHB Doug Murray 0-0: Foul Ball, location: 2F
0-1: Called Strike
0-2: Ball
1-2: Ball
2-2: Ball
3-2: Foul Ball, location: 2F
3-2: Foul Ball, location: 2F
3-2: Foul Ball, location: 2F
3-2: Ground out 4-3 (Groundball, 4)
Top of the 11th over - 0 run(s), 0 hit(s), 0 error(s), 0 left on base; Indiana 5 - Waba 5
BOTTOM OF THE 11TH
Waba Ducks batting - Pitching for Indiana Hounds : LHP Pedro Torres
Batting: RHB Enrico Ramos 0-0: Called Strike
0-1: DOUBLE (Flyball, 8LD)
Batting: RHB Chris Osborn 0-0: Ground out U3 (Groundball, 3)
Enrico Ramos to third
Batting: RHB Pedro Molina 0-0: Intentional Walk
Batting: LHB Howard Evans 0-0: Called Strike
0-1: Swinging Strike
0-2: Foul Ball, location: 2F
0-2: SINGLE (Line Drive, 7S)
Enrico Ramos scores
Thursday, March 30th, 2017 - OOTP Baseball 17.12 Build 75